 Dungeon Crawl Stone Soup version 0.30.2 (webtiles) character file.

Game seed: 7960897056361192945

3042 porpoise the Skirmisher (level 10, 0/79 HPs)
             Began as a Human Hunter on Jan 31, 2024.
             Was a Priest of Fedhas.
             Slain by a yak (5 damage)
             ... on level 8 of the Dungeon.
             The game lasted 00:14:49 (6849 turns).

porpoise the Skirmisher (Human Hunter)              Turns: 6849, Time: 00:14:49

Health: 0/79       AC:  4    Str: 12    XL:     10   Next: 11%
Magic:  14/14      EV: 12    Int: 10    God:    Fedhas [***...]
Gold:   338        SH:  0    Dex: 20    Spells: 9/9 levels left

rFire   . . .        b - +2 short sword (drain)
rCold   . . .        (no shield)
rNeg    + . .        c - +1 leather armour
rPois   .            (no helmet)
rElec   .            (no cloak)
rCorr   .            (no gloves)
SInv    .            (no boots)
Will    .....        q - amulet of regeneration
Stlth   ++           m - ring of positive energy
HPRegen 1.13/turn    (no ring)
MPRegen 0.14/turn

%: no passive effects
@: mighty
A: no striking features
a: Renounce Religion, Wall of Briars, Grow Ballistomycete


You were on level 8 of the Dungeon.
You worshipped Fedhas.
Fedhas was most pleased with you.
You visited 1 branch of the dungeon, and saw 8 of its levels.

You collected 338 gold pieces.

Inventory:

Hand Weapons
 a - a +1 shortbow
 b - a +2 short sword of draining (weapon)
Missiles
 l - 7 boomerangs
 r - 2 atropa-tipped darts
 s - 4 poisoned darts
Armour
 c - a +1 leather armour (worn)
Magical Staves
 d - a staff of fire
Jewellery
 m - a ring of positive energy (left hand)
 q - an amulet of regeneration (around neck)
 t - a +6 ring of strength
Wands
 j - a wand of polymorph (6)
 n - a wand of paralysis (17)
 z - a wand of iceblast (9)
 A - a wand of mindburst (11)
 B - a wand of flame (11)
Scrolls
 h - 4 scrolls of immolation
 i - 3 scrolls of vulnerability
 p - 2 scrolls of teleportation
 u - 2 scrolls of enchant weapon
 y - a scroll of identify
Potions
 e - a potion of haste {unknown}
 f - 2 potions of brilliance
 g - 2 potions of attraction
 k - 3 potions of cancellation {unknown}
 o - a potion of lignification {unknown}
 v - a potion of berserk rage {unknown}
 w - a potion of might


   Skills:
 - Level 7.0 Fighting
 * Level 10.7 Ranged Weapons
 - Level 2.0 Dodging
 - Level 1.0 Stealth
 + Level 6.5 Invocations


You had 9 spell levels left.
You didn't know any spells.
Your spell library contained the following spells:

 Spells                   Type           Power      Damage    Failure   Level
 Sting                    Tmut/Pois      0%         1d3       43%         1
 Blink                    Tloc           0%         N/A       58%         2
 Poisonous Vapours        Pois/Air       0%         N/A       58%         2
 Sublimation of Blood     Necr           0%         N/A       58%         2
 Manifold Assault         Tloc           0%         N/A       99%         4
 Olgreb's Toxic Radiance  Pois           0%         N/A       99%         4
 Petrify                  Tmut/Erth      0%         N/A       99%         4
 Irradiate                Conj/Tmut      0%         3d11      100%        5
 Storm Form               Tmut/Air       0%         N/A       100%        7


Dungeon Overview and Level Annotations

Branches:
Dungeon (8/15)             Temple (0/1) D:5
   Lair: D:8-11

Altars:
Fedhas
Kikubaaqudgha

Shops:
D:1 =   D:5 =

Annotations:
D:4 3 runed translucent doors, porpoise's ghost, amateur DsHu
D:5 dig
D:7 exclusion: upstairs


Message History

b - a +2 short sword of draining (weapon)
The yak gores you.
* * * LOW HITPOINT WARNING * * *
You hit the yak. You drain the yak.
The yak is almost dead.
The yak gores you.
* * * LOW HITPOINT WARNING * * *
You hit the yak.
You kill the yak!
Fedhas appreciates your contribution to the ecosystem.
You hit the yak. You drain the yak.
The yak is lightly wounded.
The yak completely misses you.
You completely miss the yak.
The yak is lightly wounded.
The yak gores you!
* * * LOW HITPOINT WARNING * * *
You feel better. The yak closely misses you.
You feel better. The yak gores you!
* * * LOW HITPOINT WARNING * * *
You feel better. The yak gores you but does no damage.
You hit the yak but do no damage. You drain the yak.
The yak is moderately wounded.
The yak gores you!
* * * LOW HITPOINT WARNING * * *
You hit the yak.
The yak is moderately wounded.
The yak gores you.
* * * LOW HITPOINT WARNING * * *
You hit the yak but do no damage.
The yak is moderately wounded.
The yak barely misses you.
You barely miss the yak.
The yak is moderately wounded.
The yak gores you.
* * * LOW HITPOINT WARNING * * *
You feel very mighty all of a sudden. The yak gores you.
You die...
Fedhas appreciates your contribution to the ecosystem.

#..
#...........
#..
##.##........
#.Y
##..##........
###..
#.)###......#.
.... #.##
####'#.#. #..
####.####
#.#.#.
#.###.......#
#.#.#.
#..##.......#
#.#.#.
##YY@.......#
#+#+##
####.......#
#.......#
#.......#
##+#+####


You could see 2 yaks.

Vanquished Creatures
  Grinder (D:6)
  A wraith (D:7)
  4 yaks (D:8)
  A steam dragon (D:7)
  An orc warrior (D:7)
  3 ice beasts (D:6)
  A sky beast (D:7)
  An ogre (D:5)
  2 black bears
  A centaur (D:6)
  A phantom (D:3)
  4 bullfrogs
  An elf zombie (D:5)
  An elf skeleton (D:5)
  A scorpion (D:5)
  A killer bee (D:6)
  6 orc priests
  2 hounds
  2 jellies
  2 human skeletons (D:5)
  An iguana (D:7)
  An orc wizard (D:7)
  Ijyb (D:4)
  4 gnolls (D:5)
  5 adders
  2 shadow imps
  A white imp (D:6)
  An ufetubus (D:3)
  A worm (D:5)
  2 dart slugs
  23 orcs
  6 ball pythons
  9 endoplasms
  3 giant cockroaches
  9 goblins
  5 hobgoblins
  2 jackals (D:3)
  5 kobolds
  3 quokkas
  5 bats
  2 frilled lizards (D:1)
  2 orc zombies (D:5)
  2 rats
132 creatures vanquished.

Notes
Turn   | Place    | Note
-------+----------+-------------------------------------------
     0 | D:1      | porpoise the Human Hunter began the quest for the Orb.
     0 | D:1      | Reached XP level 1. HP: 16/16 MP: 1/1
    83 | D:1      | Reached XP level 2. HP: 22/22 MP: 2/2
   436 | D:1      | Found Nariotis's One-of-a-Kind Rings.
   537 | D:1      | Reached XP level 3. HP: 28/28 MP: 3/3
   609 | D:1      | Found a faded altar of an unknown god.
  1148 | D:2      | Reached skill level 5 in Ranged Weapons
  1148 | D:2      | Reached XP level 4. HP: 31/34 MP: 4/4
  1622 | D:3      | Noticed a phantom
  1634 | D:3      | Killed a phantom
  1635 | D:3      | Reached XP level 5. HP: 29/41 MP: 5/5
  1747 | D:3      | Found a blossoming altar of Fedhas.
  2011 | D:3      | Became a worshipper of Fedhas Madash
  2408 | D:4      | Reached skill level 6 in Ranged Weapons
  2412 | D:4      | Reached XP level 6. HP: 43/47 MP: 6/6
  2653 | D:4      | Found a runed translucent gate.
  2653 | D:4      | Found a runed translucent gate.
  2653 | D:4      | Found a runed translucent gate.
  2654 | D:4      | Noticed porpoise's ghost (amateur DsHu)
  2690 | D:4      | Found an ancient bone altar of Kikubaaqudgha.
  2733 | D:4      | Noticed Ijyb
  2750 | D:4      | Killed Ijyb
  3096 | D:5      | Entered Level 5 of the Dungeon
  3120 | D:5      | Reached skill level 1 in Invocations
  3153 | D:5      | Noticed a black bear
  3158 | D:5      | Killed a black bear
  3159 | D:5      | Reached XP level 7. HP: 54/54 MP: 6/8
  3203 | D:5      | Reached * piety under Fedhas
  3366 | D:5      | Found a staircase to the Ecumenical Temple.
  3480 | D:5      | Reached skill level 7 in Ranged Weapons
  3711 | D:5      | Found Qetriys's Jewellery Shoppe.
  3869 | D:5      | Reached XP level 8. HP: 55/61 MP: 10/10
  4493 | D:6      | Reached skill level 5 in Fighting
  4493 | D:6      | Reached skill level 8 in Ranged Weapons
  4805 | D:6      | Noticed Grinder
  4817 | D:6      | Killed Grinder
  4817 | D:6      | Reached ** piety under Fedhas
  4892 | D:6      | Reached XP level 9. HP: 61/69 MP: 12/12
  5118 | D:6      | Reached skill level 9 in Ranged Weapons
  5401 | D:7      | Reached skill level 5 in Invocations
  6335 | D:7      | Reached skill level 10 in Ranged Weapons
  6824 | D:8      | Reached XP level 10. HP: 41/77 MP: 14/14
  6833 | D:8      | Reached *** piety under Fedhas
  6841 | D:8      | HP: 2/79 [yak (8)]
  6849 | D:8      | Slain by a yak

Illustrated notes

Levels and vault maps discovered:
D:1:      dpeg_arrival_stone_temple_mockup, layout_loops_ring,
          shapermc_ecumenical_altar_mp_ritualfount, nicolae_shop_unique_rings
D:2:      layout_basic
D:3:      layout_loops_cross, fedhas_altar_4
D:4:      layout_gridville, nicolae_overflow_crystal_walls,
          gammafunk_ghost_necromancy, uniq_ijyb
D:5:      layout_basic, minmay_temple_entry_large_hall, serial_shops,
          nicolae_shop_tiny_glass, nicolae_ossuary_entry_catacombs,
          due_unseen_surprise
D:6:      minmay_skewed_foursquare, layout_layer_cave, uniq_grinder
D:7:      layout_basic
D:8:      layout_basic, okawaru_trees_1, kb_rosetta, uniq_joseph

Skill      XL: |  1  2  3  4  5  6  7  8  9 10 |
---------------+-------------------------------+-----
Ranged Weapons | 5 6 7 8 10 | 10.7
Fighting       | 3 4 5 6 7 |  7.0
Invocations    | 1 3 4 6 |  6.5
Dodging        | |  2.0
Stealth        | |  1.0

Action                     |  1- 3 |  4- 6 |  7- 9 | 10-12 || total
---------------------------+-------+-------+-------+-------++-------
  Melee: Short sword       |     4 |    10 |    26 |     8 ||    48
   Fire: Shortbow          |    83 |   114 |   340 |    10 ||   547
  Evoke: Wand              |       |       |     6 |     3 ||     9
    Use: Scroll            |     1 |     7 |     3 |       ||    11
         Potion            |       |     1 |       |     4 ||     5
 Armour: Leather armour    |    17 |    10 |    48 |     4 ||    79
  Dodge: Dodged            |    33 |    32 |   115 |     7 ||   187
